 Dungeon Crawl Stone Soup version 0.21.1-1-g345015fe64 (webtiles) character file.

95600 Oravi the Black Belt (level 16, -3/161 HPs)
             Began as a Merfolk Transmuter on Apr 15, 2018.
             Was the Champion of Qazlal.
             Slain by an orc warrior
             ... wielding a +0 glaive
              (35 damage)
             ... on level 2 of the Orcish Mines on Apr 16, 2018.
             The game lasted 02:28:14 (29863 turns).

Oravi the Black Belt (Merfolk Transmuter)          Turns: 29863, Time: 02:28:15

Health: -3/161     AC: 12    Str: 12      XL:     16   Next: 14%
Magic:  12/23      EV: 19    Int: 20      God:    Qazlal [******]
Gold:   2732       SH:  8    Dex: 13 (14) Spells: 10/25 levels left

rFire    . . .     SeeInvis .     - Unarmed
rCold    . . .     Gourm    .   (shield currently unavailable)
rNeg     . . .     Faith    .   (armour currently unavailable)
rPois    +         Spirit   .   (helmet currently unavailable)
rElec    .         Reflect  .   (cloak currently unavailable)
rCorr    .         Harm     .   (gloves currently unavailable)
MR       ++...     Clarity  +   (boots currently unavailable) Stlth +.........Rnd*Tele +
                                (no amulet)
HPRegen  0.36/turn              T - +2 ring of intelligence
MPRegen  0.18/turn              l - +4 ring of evasion

@: about to teleport, hydra-form, protected from physical damage, very slightly
contaminated, studying Shields, repel missiles
A: very large, (change form in water), (swift swim), (stealthy swim), clarity,
deterioration 1, magic resistance 1, mutation resistance 1, robust 1,
teleportitis 1
a: End Transformation, Upheaval, Elemental Force, Disaster Area, Renounce
Religion


You were on level 2 of the Orcish Mines.
You worshipped Qazlal.
Qazlal was exalted by your worship.
You were not hungry.
You were a six-headed hydra.
You visited 4 branches of the dungeon, and saw 22 of its levels.
You also visited: Labyrinth, Sewer and Ossuary.

You collected 2732 gold pieces.

Inventory:

Missiles
 a - 466 arrows
Armour
 b - a +0 robe
 e - a +1 pair of boots (melded)
 C - a +2 pair of gloves (melded)
 F - a +1 robe of fire resistance
 G - a +2 helmet (melded)
 Y - a +3 leather armour of poison resistance (melded)
Magical Staves
 E - an uncursed staff of poison
 P - an uncursed staff of energy (melded)
Jewellery
 i - an uncursed ring of see invisible
 j - an uncursed ring of positive energy
 l - a +4 ring of evasion (right foreclaw)
 O - a cursed amulet of inaccuracy {unknown}
 Q - an uncursed ring of resist corrosion
 T - a +2 ring of intelligence (left foreclaw)
 U - an uncursed ring of protection from fire
 W - an uncursed ring of protection from magic {unknown}
Wands
 g - a wand of flame (53)
 k - a wand of polymorph (13)
 D - a wand of paralysis (16)
 I - a wand of disintegration (26)
 J - a wand of iceblast (35)
 V - a wand of clouds (6)
Scrolls
 n - 2 scrolls of enchant weapon
 s - 6 scrolls of fog
 t - 6 scrolls of teleportation
 y - 3 scrolls of fear
 B - 3 scrolls of magic mapping
 H - 5 scrolls of remove curse
 L - 2 scrolls of amnesia
 N - 3 scrolls of blinking
Potions
 h - 4 potions of haste
 m - 3 potions of invisibility
 o - 3 potions of brilliance
 p - 5 potions of might {unknown}
 q - 8 potions of agility
 r - a potion of flight
 v - 7 potions of degeneration {unknown}
 w - a potion of heal wounds
 x - 3 potions of resistance
 A - 2 potions of ambrosia
Books
 c - a book of Changes

   Spells                             Type                      Level
   a - Beastly Appendage              Transmutation                1
   b - Sticks to Snakes               Transmutation                2
   c - Spider Form                    Transmutation/Poison         3
   d - Ice Form                       Ice/Transmutation            4
   e - Blade Hands                    Transmutation                5
 f - a manual of Shields
 u - a book of Misfortune

   Spells                             Type                      Level
   a - Confusing Touch                Hexes                        1
   b - Confuse                        Hexes                        3
   c - Gell's Gravitas                Translocation                3
   d - Petrify                        Transmutation/Earth          4
   e - Metabolic Englaciation         Hexes/Ice                    5
   f - Yara's Violent Unravelling     Hexes/Transmutation          5
 z - a book of Necromancy

   Spells                             Type                      Level
   a - Pain                           Necromancy                   1
   b - Animate Skeleton               Necromancy                   1
   c - Vampiric Draining              Necromancy                   3
   d - Regeneration                   Charms/Necromancy            3
   e - Animate Dead                   Necromancy                   4
   f - Borgnjor's Vile Clutch         Necromancy/Earth             5
 K - a book of Flames

   Spells                             Type                      Level
   a - Flame Tongue                   Conjuration/Fire             1
   b - Throw Flame                    Conjuration/Fire             2
   c - Conjure Flame                  Conjuration/Fire             3
   d - Inner Flame                    Hexes/Fire                   3
   e - Sticky Flame                   Conjuration/Fire             4
   f - Fireball                       Conjuration/Fire             5
 M - a book of Minor Magic

   Spells                             Type                      Level
   a - Magic Dart                     Conjuration                  1
   b - Blink                          Translocation                2
   c - Call Imp                       Summoning                    2
   d - Slow                           Hexes                        2
   e - Conjure Flame                  Conjuration/Fire             3
   f - Mephitic Cloud                 Conjuration/Poison/Air       3
 R - a book of Clouds

   Spells                             Type                      Level
   a - Poisonous Vapours              Poison/Air                   2
   b - Mephitic Cloud                 Conjuration/Poison/Air       3
   c - Conjure Flame                  Conjuration/Fire             3
   d - Freezing Cloud                 Conjuration/Ice/Air          6
   e - Ring of Flames                 Charms/Fire                  7
 S - a Fen Folio

   Spells                             Type                      Level
   a - Corpse Rot                     Necromancy                   2
   b - Stone Arrow                    Conjuration/Earth            3
   c - Leda's Liquefaction            Hexes/Earth                  4
   d - Summon Forest                  Summoning/Translocation      5
   e - Hydra Form                     Transmutation                6
   f - Summon Hydra                   Summoning                    7
 X - a book of Callings

   Spells                             Type                      Level
   a - Summon Small Mammal            Summoning                    1
   b - Call Imp                       Summoning                    2
   c - Call Canine Familiar           Summoning                    3
   d - Summon Guardian Golem          Hexes/Summoning              3
   e - Summon Lightning Spire         Summoning/Air                4
   f - Summon Ice Beast               Ice/Summoning                4
Comestibles
 d - 36 rations


   Skills:
 * Level 6.9 Fighting
 * Level 14.3 Dodging
 - Level 2.0 Shields
 + Level 16.1 Unarmed Combat
 + Level 5.1 Spellcasting
 * Level 15.0 Transmutations
 - Level 10.1 Ice Magic
 - Level 10.0 Poison Magic
 * Level 6.6 Invocations


You had 10 spell levels left.
You knew the following spells:

 Your Spells              Type           Power        Failure   Level  Hunger
a - Hydra Form            Tmut           ######....   3%          6    #######
b - Sticks to Snakes      Tmut           ######..     1%          2    None
c - Spider Form           Tmut/Pois      ######....   1%          3    ##.....
d - Ice Form              Ice/Tmut       ######..     1%          4    ####...


Dungeon Overview and Level Annotations

Branches:
Dungeon (13/15)            Temple (1/1) D:7            Lair (6/6) D:9
 Shoals (0/4) Lair:4        Snake (0/4) Lair:2        Slime (0/5) Lair:6
    Orc (2/2) D:12
    Elf: Orc:2       Vaults: D:13-14

Altars:
Ashenzari
Cheibriados
Dithmenos
Elyvilon
Fedhas
Gozag
Hepliaklqana
Kikubaaqudgha
Makhleb
Nemelex Xobeh
Okawaru
Qazlal
Ru
Sif Muna
Trog
Uskayaw
Vehumet
Wu Jian
Xom
Yredelemnul
Zin
The Shining One
Jiyva

Shops:
D:11 (   Orc:2 =

Annotations:
D:3 Goboxel's ghost, amateur GnSk
D:6 freez


Innate Abilities, Weirdness & Mutations

((You revert to your normal form in water.))
((You are very nimble and swift while swimming.))
((You are very stealthy in the water. (Stealth+)))
You possess an exceptional clarity of mind.
Your body sometimes deteriorates upon taking damage.
You are resistant to hostile enchantments. (MR+)
You are somewhat resistant to further mutation.
You are robust. (+10% HP)
You are occasionally teleported next to monsters.


Message History

You feel protected from physical attacks.
The orc high priest hits you from afar with a glaive!
You feel more protected from physical attacks.
The orc priest invokes the aid of Beogh against you.
Beogh smites you!
The orc warrior hits you with a scimitar!!!
You feel more protected from physical attacks.
The orc warrior is engulfed in freezing vapours.
The orc warrior hits you from afar with a trident!!
* * * LOW HITPOINT WARNING * * *
Your body deteriorates!
You feel clumsy.
You feel more protected from physical attacks.
You block the orc high priest's attack.
An orc knight comes into view. It is wielding a battleaxe.
As you read the scroll of teleportation, it crumbles to dust.
You feel strangely unstable.
The orc knight shouts!
You hear a shout!
The orc warrior barely misses you.
The orc warrior hits you from afar with a glaive!!
You die...

### #))..........#. .##
.. #............#. ..# .
.## #.......#...... ..#
.. ..# #))..........#.
..# ...#..
#).......#.###. ..# .
...o# #.......####...
..# ..3#ooo
#.#.....###.... ..#
...o.oo###..#...#.#.#...
..#
#oo§D##..#...........
..#
..ooooo)##.#.#.##.#....#
..#
..o#oooo##......##....##
..# .
.ooooo##......#.....#.
..#
...#.o..##.###...#......
.## .. .o..###..
........... ## . o#...
#.. .≈≈≈≈≈≈≈≈.. ..o..#
#.. ≈≈≈≈≈≈≈≈≈≈.
≈######≈≈.


You could see 5 orc knights, 4 orc high priests, a sun demon, 13 orc warriors, 2
orc priests and 4 orcs.

Vanquished Creatures
  Rupert (Lair:5)
  Gastronok (Lair:1)
  A minotaur (Lab)
  A fire dragon (D:13)
  Josephine (Lair:3)
  The ghost of Goboxel the Carver, a journeyman DsGl of Qazlal (Orc:1)
  5 hydras
  A merfolk avatar (Lair:6)
  3 centaur warriors (D:13)
  A two-headed ogre (D:11)
  A tengu warrior (D:13)
  4 orc high priests
  Nergalle (Orc:1)
  A fire crab (D:13)
  4 unseen horrors
  A sea snake (Lair:5)
  9 deep elf magi (Orc:2)
  Pikel (D:6)
  2 lindwurms (D:13)
  A harpy (Lair:6)
  2 ugly things
  2 cyclopes
  8 slime creatures
  6 elephants
  A centaur zombie (D:13)
  4 merfolk sirens (Lair:4)
  Maurice (D:9)
  2 black mambas
  Joseph (D:10)
  4 centaur skeletons
  An efreet (D:12)
  8 spiny frogs
  9 komodo dragons
  4 rime drakes
  A minotaur zombie (Lab)
  9 trolls
  A queen bee (Lair:3)
  8 polar bears
  A wind drake (Lair:5)
  3 hornets (Lair:5)
  11 hippogriffs
  2 tyrant leeches (D:13)
  9 blink frogs
  4 dream sheep (Lair:5)
  Sigmund (D:3)
  2 shadows
  A spriggan (D:7)
  3 wraiths
  29 yaks
  6 wyverns
  3 basilisks
  A hungry ghost (D:7)
  4 wargs
  17 water moccasins
  9 swamp worms (Lair:6)
  2 hell hounds (Lair:3)
  An acid dragon (D:13)
  9 porcupines
  2 black bears
  21 orc warriors
  5 ice beasts
  4 sky beasts
  4 ogres
  11 centaurs
  6 wolves
  A necrophage (D:10)
  6 phantoms
  22 crocodiles
  21 bullfrogs
  A big kobold (D:11)
  3 gnoll sergeants
  3 scorpions
  28 killer bees
  6 wights
  4 electric eels
  2 howler monkeys
  6 crimson imps
  3 quasits
  11 hounds
  2 jellies
  6 orc priests
  2 bullfrog skeletons
  14 orc wizards
  4 iguanas
  2 hell rats (D:13)
  8 worker ants
  A big kobold zombie (Ossuary)
  A hound zombie (D:10)
  4 mummies (Ossuary)
  10 gnolls
  11 adders
  9 river rats
  3 shadow imps
  2 oozes
  2 adder skeletons
  21 worms
  4 leopard geckos
  50 orcs
  9 ball pythons
  4 giant cockroaches
  4 hobgoblins
  17 jackals
  26 kobolds
  A quokka (D:11)
  10 bats
  4 frilled lizards
  10 goblins
  2 goblin zombies (Ossuary)
  A hobgoblin zombie (Ossuary)
  A kobold zombie (Ossuary)
  A leopard gecko skeleton (D:8)
  3 orc zombies (Ossuary)
  A quokka skeleton (D:8)
  39 rats
690 creatures vanquished.

Vanquished Creatures (collateral kills)
  The ghost of finar the Shield-Bearer, an amateur HOFi (D:4)
1 creature vanquished.

Vanquished Creatures (others)
  An unseen horror (D:13)
  A sea snake (Lair:6)
  An ogre (Orc:2)
  5 fungi
  5 plants
13 creatures vanquished.

Grand Total: 704 creatures vanquished

Notes
Turn   | Place    | Note
-------+----------+-------------------------------------------
     0 | D:1      | Oravi the Merfolk Transmuter began the quest for the Orb.
     0 | D:1      | Reached XP level 1. HP: 15/15 MP: 3/3
    84 | D:1      | Reached XP level 2. HP: 3/21 MP: 5/5
   675 | D:1      | Reached skill level 4 in Unarmed Combat
   714 | D:1      | Reached XP level 3. HP: 26/26 MP: 6/6
   781 | D:1      | Learned a level 2 spell: Sticks to Snakes
   785 | D:1      | Learned a level 3 spell: Spider Form
  1081 | D:2      | Found a sacrificial altar of Ru.
  1768 | D:2      | Reached XP level 4. HP: 29/32 MP: 1/7
  2433 | D:3      | Found a glowing drain.
  2455 | D:3      | Reached skill level 1 in Poison Magic
  2530 | Sewer    | Entered a sewer
  2672 | Sewer    | Reached XP level 5. HP: 35/37 MP: 2/8
  2674 | Sewer    | Reached skill level 5 in Unarmed Combat
  3074 | D:3      | Found an ancient bone altar of Kikubaaqudgha.
  3127 | D:3      | Noticed Goboxel's ghost (amateur GnSk)
  3630 | D:3      | Found a hide-covered altar of Uskayaw.
  3640 | D:3      | Reached XP level 6. HP: 40/43 MP: 6/9
  3727 | D:3      | Noticed Sigmund
  3737 | D:3      | Killed Sigmund
  3737 | D:3      | Reached skill level 6 in Unarmed Combat
  3737 | D:3      | Reached skill level 5 in Transmutations
  4233 | D:4      | Found a sand-covered staircase.
  4241 | Ossuary  | Entered an ossuary
  4293 | Ossuary  | Reached XP level 7. HP: 31/48 MP: 4/10
  4578 | D:4      | Noticed finar's ghost (amateur HOFi)
  5575 | D:5      | Entered Level 5 of the Dungeon
  5647 | D:5      | Found a deep blue altar of Sif Muna.
  5722 | D:5      | Found a shimmering altar of Xom.
  5921 | D:5      | Found an opulent altar of Gozag.
  6028 | D:5      | Reached skill level 7 in Unarmed Combat
  6077 | D:5      | Found a white marble altar of Elyvilon.
  6100 | D:5      | Reached XP level 8. HP: 17/54 MP: 7/11
  7049 | D:6      | Reached skill level 5 in Dodging
  7106 | D:6      | Reached skill level 8 in Unarmed Combat
  7164 | D:6      | Found a deep blue altar of Sif Muna.
  7268 | D:6      | Reached XP level 9. HP: 36/61 MP: 9/12
  7405 | D:6      | Noticed Pikel
  7416 | D:6      | Killed Pikel
  7416 | D:6      | Reached skill level 5 in Poison Magic
  8002 | D:7      | Reached skill level 9 in Unarmed Combat
  8386 | D:7      | Found a staircase to the Ecumenical Temple.
  8396 | Temple   | Entered the Ecumenical Temple
  8539 | Temple   | Became a worshipper of Qazlal Stormbringer
  9018 | D:8      | Reached skill level 10 in Unarmed Combat
  9018 | D:8      | Reached XP level 10. HP: 67/67 MP: 10/13
  9023 | D:8      | Reached skill level 10 in Transmutations
  9537 | D:8      | Found a shattered altar of Ashenzari.
  9813 | D:8      | Found a hazy altar of Hepliaklqana.
  9817 | D:8      | Found a bloodstained altar of Trog.
  9822 | D:8      | Found a glowing silver altar of Zin.
 10152 | D:8      | Found a shadowy altar of Dithmenos.
 10158 | D:8      | Found a snail-covered altar of Cheibriados.
 10316 | D:9      | Reached * piety under Qazlal
 10501 | D:9      | Reached skill level 11 in Unarmed Combat
 10893 | D:9      | Found a staircase to the Lair.
 11044 | D:9      | Noticed Maurice
 11064 | D:9      | Killed Maurice
 11464 | D:10     | Entered Level 10 of the Dungeon
 11570 | D:10     | Noticed an unseen horror
 11606 | D:10     | Killed an unseen horror
 11606 | D:10     | Reached XP level 11. HP: 48/74 MP: 14/14
 11811 | D:10     | Reached ** piety under Qazlal
 11859 | D:10     | Noticed Joseph
 11878 | D:10     | Killed Joseph
 12712 | D:4      | Learned a level 4 spell: Ice Form
 12833 | D:4      | Killed finar's ghost
 13000 | D:11     | Reached skill level 1 in Ice Magic
 13036 | D:11     | Noticed a two-headed ogre
 13050 | D:11     | Killed a two-headed ogre
 13123 | D:11     | Noticed a red ugly thing
 13141 | D:11     | Killed a red ugly thing
 13141 | D:11     | Reached skill level 12 in Unarmed Combat
 13160 | D:11     | Found a sparkling altar of Nemelex Xobeh.
 13311 | D:11     | Found Tieroucw's Antique Weapon Shop.
 13423 | D:11     | Reached skill level 10 in Dodging
 13444 | D:11     | Reached *** piety under Qazlal
 13624 | D:11     | Noticed a cyclops
 13773 | D:11     | Killed a cyclops
 14039 | D:12     | Found a staircase to the Orcish Mines.
 14130 | D:12     | Noticed a cyclops
 14167 | D:12     | Killed a cyclops
 14167 | D:12     | Reached XP level 12. HP: 61/80 MP: 15/15
 14477 | D:12     | Reached skill level 13 in Unarmed Combat
 14990 | D:12     | Reached **** piety under Qazlal
 15393 | D:13     | Noticed a centaur warrior
 15405 | D:13     | Killed a centaur warrior
 15405 | D:13     | Reached skill level 5 in Ice Magic
 15445 | D:13     | HP: 1/80 [lindwurm/blast of flame (24)]
 15448 | D:13     | Noticed a centaur warrior
 15819 | D:13     | Killed a centaur warrior
 15819 | D:13     | Reached skill level 1 in Invocations
 16338 | D:13     | Noticed a four-headed hydra
 16352 | D:13     | Killed a four-headed hydra
 16819 | D:13     | Reached XP level 13. HP: 40/85 MP: 15/17
 17093 | D:13     | Noticed a fire dragon
 17139 | D:13     | Killed a fire dragon
 17794 | D:13     | Noticed a fire dragon
 18089 | Lair:1   | Entered Level 1 of the Lair of Beasts
 18435 | D:9      | Reached skill level 14 in Unarmed Combat
 18608 | Lair:1   | Noticed Gastronok
 18818 | Lair:1   | Killed Gastronok
 18894 | Lair:1   | HP: 1/103 [komodo dragon (32)]
 20485 | Lair:2   | Found a staircase to the Snake Pit.
 20923 | Lair:2   | Reached XP level 14. HP: 96/96 MP: 18/20
 21450 | Lair:3   | Reached skill level 5 in Fighting
 21450 | Lair:3   | Reached XP level 15. HP: 86/103 MP: 21/21
 21804 | Lair:3   | Found a sparkling altar of Nemelex Xobeh.
 22544 | Lair:4   | Found a labyrinth entrance.
 22584 | Lab      | Entered a labyrinth
 23059 | Lab      | Got an ancient mace
 23110 | Lair:4   | Noticed Josephine
 23126 | Lair:3   | Killed Josephine
 23703 | Lair:4   | Reached skill level 15 in Unarmed Combat
 23703 | Lair:4   | Reached skill level 10 in Poison Magic
 24147 | Lair:4   | Found a staircase to the Shoals.
 24268 | Lair:4   | Reached ***** piety under Qazlal
 24677 | Lair:5   | Reached skill level 5 in Invocations
 24804 | Lair:5   | Gained mutation: Your mind is acute. (Int +2) [potion of mutation]
 24804 | Lair:5   | Gained mutation: Your mind is very acute. (Int +4) [potion of mutation]
 24804 | Lair:5   | Gained mutation: You have a pair of small horns on your head. [potion of mutation]
 24804 | Lair:5   | Gained mutation: You passively map a small area around you. [potion of mutation]
 24805 | Lair:5   | Lost mutation: You passively map a small area around you. [potion of mutation]
 24805 | Lair:5   | Lost mutation: Your mind is very acute. (Int +4) [potion of mutation]
 24805 | Lair:5   | Lost mutation: Your mind is acute. (Int +2) [potion of mutation]
 24805 | Lair:5   | Lost mutation: You have a pair of small horns on your head. [potion of mutation]
 24805 | Lair:5   | Gained mutation: You are robust. (+10% HP) [potion of mutation]
 24805 | Lair:5   | Gained mutation: You can translocate small distances at will. [potion of mutation]
 24805 | Lair:5   | Gained mutation: You evolve. [potion of mutation]
 24973 | Lair:5   | Noticed Rupert
 25024 | Lair:5   | Killed Rupert
 25943 | Lair:6   | Entered Level 6 of the Lair of Beasts
 26035 | Lair:5   | Reached skill level 1 in Shields
 26374 | Lair:5   | Lost mutation: You are robust. (+10% HP) [potion of mutation]
 26374 | Lair:5   | Lost mutation: You can translocate small distances at will. [potion of mutation]
 26374 | Lair:5   | Lost mutation: You evolve. [potion of mutation]
 26374 | Lair:5   | Gained mutation: Your body sometimes deteriorates upon taking damage. [potion of mutation]
 26374 | Lair:5   | Gained mutation: You are resistant to hostile enchantments. (MR+) [potion of mutation]
 26374 | Lair:5   | Gained mutation: You are robust. (+10% HP) [potion of mutation]
 26375 | Lair:5   | Lost mutation: Your body sometimes deteriorates upon taking damage. [potion of mutation]
 26375 | Lair:5   | Lost mutation: You are robust. (+10% HP) [potion of mutation]
 26375 | Lair:5   | Gained mutation: You are occasionally teleported next to monsters. [potion of mutation]
 26375 | Lair:5   | Gained mutation: Your body sometimes deteriorates upon taking damage. [potion of mutation]
 26375 | Lair:5   | Gained mutation: You are robust. (+10% HP) [potion of mutation]
 26375 | Lair:5   | Gained mutation: You are somewhat resistant to further mutation. [potion of mutation]
 27010 | Lair:6   | Reached skill level 10 in Ice Magic
 27886 | Lair:6   | Found a viscous altar of Jiyva.
 27887 | Lair:6   | Found a staircase to the Slime Pits.
 28232 | Lair:6   | Learned a level 6 spell: Hydra Form
 28387 | Orc:1    | Entered Level 1 of the Orcish Mines
 28401 | Orc:1    | Noticed Goboxel's ghost (journeyman DsGl)
 28417 | Orc:1    | Killed Goboxel's ghost
 28629 | Orc:1    | Gained mutation: You possess an exceptional clarity of mind. [a neqoxec]
 28936 | Orc:1    | Noticed Nergalle
 28944 | Orc:1    | Killed Nergalle
 29317 | Orc:2    | Entered Level 2 of the Orcish Mines
 29317 | Orc:2    | Found Lios's Jewellery Boutique.
 29328 | Orc:2    | Reached skill level 5 in Spellcasting
 29339 | Orc:2    | Reached ****** piety under Qazlal
 29345 | Orc:2    | Reached XP level 16. HP: 124/124 MP: 20/23
 29477 | Orc:2    | Reached skill level 16 in Unarmed Combat
 29477 | Orc:2    | Reached skill level 15 in Transmutations
 29863 | Orc:2    | Slain by an orc warrior

Skill      XL: |  1  2  3  4  5  6  7  8  9 10 11 12 13 14 15 16 |
---------------+-------------------------------------------------+-----
Transmutations | 3 4 5 7 8 9 11 12 13 14 15 | 15.0
Unarmed Combat | 4 5 6 7 8 10 11 12 13 14 15 16 | 16.1
Dodging        | 3 4 5 7 9 10 11 12 13 14 | 14.3
Poison Magic   | 1 2 3 4 5 7 8 9 10 | 10.0
Fighting       | 2 4 5 6 |  6.9
Ice Magic      | 3 7 9 10 | 10.1
Invocations    | 1 4 6 |  6.6
Spellcasting   | 4 5 |  5.1
Shields        | 2 |  2.0

Action                   |  1- 3 |  4- 6 |  7- 9 | 10-12 | 13-15 | 16-18 || total
-------------------------+-------+-------+-------+-------+-------+-------++-------
Melee: Unarmed           |   140 |   205 |   272 |   858 |   807 |    59 ||  2341
       Headbutt          |     9 |       |       |       |       |       ||     9
       Punch             |     1 |       |     1 |     1 |       |       ||     3
       Staff             |       |       |       |     3 |     1 |       ||     4
 Cast: Beastly Appendage |    11 |     1 |       |       |       |       ||    12
       Spider Form       |    12 |    30 |    42 |    62 |     5 |       ||   151
       Sticks to Snakes  |       |     3 |    13 |    13 |     9 |       ||    38
       Ice Form          |       |       |       |       |    63 |       ||    63
       Hydra Form        |       |       |       |       |     6 |     5 ||    11
Invok: Upheaval          |       |       |       |     1 |     5 |       ||     6
       Elemental Force   |       |       |       |       |     1 |       ||     1
 Abil: End Transformatio |       |       |       |     1 |    10 |       ||    11
Evoke: Wand              |       |       |       |     7 |     8 |       ||    15
  Use: Scroll            |     4 |     5 |     6 |     4 |    10 |     1 ||    30
       Potion            |       |     2 |     4 |    13 |    15 |       ||    34
 Stab: Sleeping          |     2 |     1 |     1 |       |       |       ||     4
       Distracted        |       |       |     1 |     1 |     1 |       ||     3
  Eat: Chunk             |     5 |    12 |    16 |    27 |    27 |       ||    87
       Ration            |       |       |     2 |     2 |     4 |       ||     8
Armor: Robe              |    15 |     2 |       |     3 |     1 |       ||    21
       Skin              |     3 |    10 |     3 |    15 |    70 |     8 ||   109
       Leather armour    |       |       |       |       |       |     1 ||     1
Dodge: Dodged            |   135 |   226 |   249 |   918 |   757 |    46 ||  2331
       Deflected         |       |       |       |     2 |     6 |     1 ||     9
Block: Other             |       |       |       |   132 |   197 |    19 ||   348
